Map: Frozen Temple

Players

Fropez - Winner!

  • Race: Protoss Protoss
  • League: Gold
  • Spawn Location: 11:00

KHOPDI

  • Race: Terran Terran
  • League: Gold
  • Spawn Location: 5:00

VOD

Have the link to the VOD?

Description

Time

  • Played on: Sept. 25, 2016, 1:12 p.m.
  • Length: 13:03
Show
View Real Time Build Order
Export as new Build Order

Fropez Protoss - Winner!

Build Orders: 1 Gate Expand 

Get SALT Encoding   

  12  0:01  Probe (Chrono Boost)  
  13  0:13  Pylon  
  13  0:19  Probe (Chrono Boost)  
  14  0:34  Gateway  
  14  0:38  Probe (Chrono Boost)  
  15  0:44  Assimilator  
  15  0:48  Probe (Chrono Boost)  
  16  0:59  Probe (Chrono Boost)  
  17  1:09  Probe (Chrono Boost)  
  18  1:11  Pylon  
  18  1:25  Cybernetics Core  
  18  1:36  Nexus  
  18  1:41  Probe (Chrono Boost)  
  19  1:54  Probe (Chrono Boost)  
  20  1:57  Assimilator  
  20  2:04  Probe (Chrono Boost)  
  21  2:14  Cybernetics Core  
  21  2:23  Gateway  
  21  2:26  Gateway  
  21  2:28  Probe (Chrono Boost)  
  22  2:42  Probe (Chrono Boost)  
  23  2:49  Probe (Chrono Boost)  
  24  2:53  Probe (Chrono Boost)  
  24  2:58  Pylon  
  25  2:59  Mothership Core (Chrono Boost)  
  25  3:03  Probe (Chrono Boost)  
  25  3:04  Warp Gate (Chrono Boost)  
  28  3:06  Adept (Chrono Boost)  
  30  3:14  Probe  
  30  3:17  Probe  
  34  3:20  Adept (Chrono Boost)  
  34  3:22  Adept (Chrono Boost)  
  34  3:26  Probe  
  37  3:35  Adept  
  39  3:42  Probe  
  39  3:46  Adept, Pylon  
  42  3:48  Adept  
  42  3:55  Pylon, Probe  
  45  4:22  Stalker x3  
  45  4:24  Probe  
  52  4:25  Probe  
  52  4:28  Assimilator  
  52  4:30  Assimilator  
  53  4:44  Probe  
  53  4:45  Probe  
  55  4:53  Robotics Facility  
  55  4:54  Probe  
  55  4:55  Pylon  
  55  4:57  Probe  
  57  5:05  Probe  
  58  5:07  Pylon  
  58  5:09  Probe  
  59  5:14  Twilight Council  
  59  5:15  Probe  
  56  5:21  Probe  
  56  5:26  Adept x3, Probe  
  64  5:37  Gateway  
  64  5:39  Warp Prism (Chrono Boost)  
  66  5:48  Probe  
  67  5:50  Adept  
  67  5:51  Adept x2  
  71  6:11  Pylon  
  69  6:12  Stalker x3  
  69  6:13  Pylon  
  75  6:45  Adept x3  
  81  7:19  Adept  
  81  7:20  Adept x2  
  79  7:49  Adept x2  
  79  7:50  Adept, Probe  
  86  8:04  Nexus  
  86  8:06  Pylon, Blink (Chrono Boost)  
  86  8:09  Pylon  
  86  8:12  Pylon  
  86  8:18  Pylon  
  86  8:57  Gateway  
  86  8:59  Gateway x2  
  86  9:00  Gateway  
  86  9:02  Gateway  
  86  9:05  Warp Prism (Chrono Boost)  
  86  9:06  Gateway  
  86  9:08  Gateway  
  86  9:09  Nexus  
  88  9:10  Pylon  
  88  9:12  Assimilator  
  88  9:13  Assimilator  
  88  9:17  Pylon  
  88  9:18  Pylon x2  
  88  9:22  Pylon x2  
  88  9:27  Pylon  
  88  9:31  Pylon  
  88  9:37  Observer (Chrono Boost), Probe  
  86  9:38  Pylon, Probe  
  86  9:41  Pylon  
  87  9:58  Resonating Glaives (Chrono Boost)  
  87  10:00  Gateway  
  87  10:03  Gateway  
  87  10:04  Probe  
  87  10:05  Probe  
  87  10:06  Gateway  
  89  10:07  Gateway  
  89  10:10  Dark Shrine  
  89  10:12  Probe  
  90  10:14  Pylon  
  90  10:16  Pylon  
  90  10:18  Adept x3  
  90  10:19  Adept x5  
  104  10:39  Stalker  
  104  10:40  Stalker x6  
  104  10:41  Stalker  
  105  11:34  Stalker x3  
  105  11:35  Stalker x5  
  113  11:46  Observer  
  114  11:55  Dark Templar x4  
  122  12:08  Observer  
  113  12:17  Dark Templar x2  
  113  12:18  Dark Templar x5  
  113  12:19  Dark Templar  
  119  12:29  Observer  
  120  12:33  Dark Templar x2  
  120  12:34  Dark Templar x6  
  120  12:35  Dark Templar  
  132  12:53  Adept x2  
  132  12:54  Adept  
Show
View Real Time Build Order
Export as new Build Order

KHOPDI Terran 

Build Orders: 1/1/1, Liberator Opening 

Get SALT Encoding   

  12  0:01  SCV  
  13  0:13  SCV  
  14  0:19  Supply Depot  
  14  0:26  SCV  
  15  0:37  Refinery  
  15  0:40  SCV  
  16  0:46  Barracks  
  16  0:56  Supply Depot  
  16  0:57  SCV  
  17  1:09  SCV  
  18  1:13  Refinery  
  18  1:21  SCV  
  19  1:36  Marine  
  20  1:41  Factory  
  20  1:48  SCV  
  21  2:05  SCV  
  22  2:09  Barracks Tech Lab  
  22  2:18  SCV  
  22  2:22  Supply Depot  
  23  2:28  Starport  
  23  2:38  Barracks Reactor, Orbital Command  
  23  2:40  Siege Tank  
  26  2:53  Engineering Bay  
  26  3:05  Medivac  
  28  3:13  Barracks  
  28  3:22  SCV  
  29  3:30  Liberator  
  29  3:32  Marine x2  
  31  3:37  Missile Turret  
  34  3:50  Siege Tank  
  34  3:53  Marine  
  34  3:54  Marine  
  39  4:00  Barracks Tech Lab  
  39  4:22  Combat Shields  
  39  4:35  Marine x2, Marauder, Terran Infantry Weapons Level 1  
  43  4:53  Marine x2  
  45  5:06  Command Center  
  45  5:08  Marauder  
  45  5:09  Supply Depot  
  45  5:13  Supply Depot  
  47  5:14  Marine  
  47  5:31  Marine  
  47  5:32  Siege Tank  
  51  5:43  Concussive Shells  
  51  5:45  Starport Tech Lab  
  47  6:49  Marine x3  
  50  7:06  Marine  
  50  7:07  Marine  
  52  7:20  Marine  
  53  7:23  SCV  
  53  7:24  Marine x2  
  56  7:35  SCV  
  51  7:40  Liberator  
  41  7:49  Siege Tank  
  44  7:55  Planetary Fortress  
  45  7:59  Marine x2, Marauder  
  49  8:12  SCV  
  50  8:21  Marauder  
  50  8:22  Siege Tank  
  50  8:23  Liberator  
  50  8:24  SCV  
  54  8:36  SCV  
  56  8:48  SCV  
  57  8:49  Marine, Marauder  
  57  8:50  Marine, Armory  
  57  8:54  Siege Tank  
  64  9:00  SCV  
  65  9:05  Barracks  
  65  9:10  Supply Depot x2  
  65  9:11  Supply Depot  
  65  9:12  Supply Depot  
  65  9:23  Medivac  
  66  9:38  SCV  
  67  9:50  SCV  
  68  9:57  Fusion Core  
  68  10:00  Terran Infantry Weapons Level 2  
  68  10:02  Barracks Reactor, SCV  
  68  10:03  Engineering Bay  
  69  10:10  Refinery  
  69  10:12  Refinery  
  69  10:15  SCV  
  69  10:21  Marine x3  
  71  10:27  SCV  
  74  10:39  Marine x2, Marauder  
  78  10:44  Marine x2  
  80  10:52  Advanced Ballistics  
  80  10:55  Terran Vehicle And Ship Armor Level 1  
  80  10:56  Marine  
  80  10:57  Marine  
  81  11:01  Marine x2, Marauder  
  86  11:14  Marine x2  
  82  11:22  Marauder  
  50  11:55  Battlecruiser  
Tags
 
Add a new tag
Caveats
  • Supply blocks, unpowered buildings, or Contaminate may cause inaccurate times.
  • Supply counts are checked every 10 seconds.